 Dungeon Crawl Stone Soup version 0.19.1 (webtiles) character file.

72 esteth the Ruffian (level 4, 0/35 HPs)
             Began as a Draconian Transmuter on Dec 12, 2016.
             Slain by an orc priest
             ... wielding a +0 hand axe
              (6 damage)
             ... on level 3 of the Dungeon.
             The game lasted 00:06:07 (2100 turns).

esteth the Ruffian (Draconian Transmuter)           Turns: 2100, Time: 00:06:08

Health: 0/35       AC:  5    Str: 18    XL:     4   Next: 6%
Magic:  8/8        EV: 12    Int: 13    God:
Gold:   81         SH:  0    Dex: 12    Spells: 1 memorised, 7 levels left

rFire  . . .     SeeInvis .       - Unarmed
rCold  . . .     Gourm    .     (armour unavailable)
rNeg   . . .     Faith    .     (no shield)
rPois  .         Spirit   .     (helmet restricted)
rElec  .         Reflect  .     (no cloak)
rCorr  .         Harm     .     (no gloves)
MR     .....                    (no boots)
Stlth  +.........               (no amulet)
                                (no ring)
                                (no ring)

@: mighty
A: unfitting armour, cold-blooded, AC +5
a: no special abilities


You were on level 3 of the Dungeon.
You were not hungry.

You visited 1 branch of the dungeon, and saw 3 of its levels.

You collected 81 gold pieces.

Inventory:

Missiles
 a - 41 arrows
Jewellery
 l - an uncursed ring of positive energy {unknown}
 q - an uncursed ring of fire {unknown}
Scrolls
 d - a scroll of enchant weapon {unknown}
 e - a scroll of blinking {unknown}
 f - a scroll of magic mapping {unknown}
 i - a scroll of identify {unknown}
 j - a scroll of fear {unknown}
 k - a scroll of amnesia {unknown}
 r - a scroll of remove curse {unknown}
Potions
 h - a potion of cancellation {unknown}
 m - a potion of might
 n - a potion of agility {unknown}
 o - 2 potions of magic {unknown}
 p - 2 potions of curing {unknown}
Books
 b - a book of Changes

   Spells                             Type                      Level
   a - Beastly Appendage              Transmutation                1
   b - Sticks to Snakes               Transmutation                2
   c - Spider Form                    Transmutation/Poison         3
   d - Ice Form                       Ice/Transmutation            4
   e - Blade Hands                    Transmutation                5
Comestibles
 c - a bread ration
 g - 7 fruits


   Skills:
 + Level 1.3 Fighting
 - Level 1.7 Dodging
 + Level 0.2 Stealth
 + Level 4.1 Unarmed Combat
 * Level 2.7 Spellcasting
 + Level 2.3 Transmutations


You had 7 spell levels left.
You knew the following spells:

 Your Spells              Type           Power        Failure   Level  Hunger
a - Beastly Appendage     Tmut           #.....       10%         1    #......


Dungeon Overview and Level Annotations

Branches:
Dungeon (3/15)

Altars:
Uskayaw


Innate Abilities, Weirdness & Mutations

Your plain brown scales are hard. (AC +5)
You cannot fit into any form of body armour.
You are cold-blooded and may be slowed by cold attacks.


Message History

You barely miss the orc priest.
The orc priest is heavily wounded.
The orc priest hits you with a hand axe!
* * * LOW HITPOINT WARNING * * *
You hit the orc priest but do no damage.
The orc priest is heavily wounded.
You closely miss the orc priest.
The orc priest is heavily wounded.
The orc priest hits you but does no damage.
You hit the orc priest.
The orc priest is severely wounded.
The orc priest looks satisfied for a moment.
It was a potion of might.
You feel very mighty all of a sudden.
The orc priest hits you with a hand axe.
* * * LOW HITPOINT WARNING * * *
You barely miss the orc priest.
Your tail-slap misses the orc priest.
The orc priest is severely wounded.
The orc priest hits you with a hand axe.
You die...

####
..# #o#
##@##
#.<.#
#..#..#
##.
...# <.
....#
###
....#
#.#.#
.#.# .#
#


You could see an orc priest.

Vanquished Creatures
  An adder (D:2)
  An ooze (D:1)
  3 worms (D:2)
  2 dart slugs
  A leopard gecko (D:2)
  3 orcs (D:3)
  4 bats
  A giant cockroach (D:1)
  2 hobgoblins
  5 kobolds
  2 quokkas (D:2)
  6 frilled lizards
  6 goblins
  6 rats
43 creatures vanquished.

Notes
Turn   | Place    | Note
-------+----------+-------------------------------------------
     0 | D:1      | esteth the Draconian Transmuter began the quest for the Orb.
     0 | D:1      | Reached XP level 1. HP: 16/16 MP: 3/3
   360 | D:1      | Reached XP level 2. HP: 17/23 MP: 5/5
   878 | D:1      | Reached XP level 3. HP: 19/28 MP: 6/6
   895 | D:1      | You fall through a shaft!
  1251 | D:2      | Found a hide-covered altar of Uskayaw.
  1956 | D:2      | Reached skill level 4 in Unarmed Combat
  2074 | D:3      | Reached XP level 4. HP: 33/35 MP: 8/8
  2100 | D:3      | Slain by an orc priest

Skill      XL: |  1  2  3 |
---------------+----------+-----
Unarmed Combat | 4 |  4.1
Fighting       | |  1.3
Dodging        | |  1.7
Stealth        | |  0.2
Spellcasting   | |  2.7
Transmutations | |  2.3

Action                   |  1- 3 |  4- 6 || total
-------------------------+-------+-------++-------
Melee: Unarmed           |   181 |    25 ||   206
       Tailslap          |    13 |     2 ||    15
       Kick              |     5 |       ||     5
       Headbutt          |     2 |       ||     2
       Punch             |     1 |       ||     1
 Cast: Beastly Appendage |    10 |       ||    10
  Use: Potion            |       |     1 ||     1
 Stab: Sleeping          |     1 |       ||     1
  Eat: Bread ration      |     1 |       ||     1
Armor: Skin              |    54 |     1 ||    55
Dodge: Dodged            |   115 |     9 ||   124
